 Dungeon Sprint DCSS version 0.26.1-11-gd32895ea62 (webtiles) character file.

Game seed: 5402952944397946918

520 Zeld the Cleaver (level 7, -7/55 (57) HPs)
             Began as a Minotaur Monk on June 12, 2021.
             Was a Believer of Yredelemnul.
             Killed from afar by a deep elf death mage (16 damage)
             ... with a bolt of negative energy
             ... in the Dungeon (Sprint V: "Ziggurat Sprint").
             The game lasted 00:01:22 (192 turns).

Zeld the Cleaver (Minotaur Monk)                     Turns: 192, Time: 00:01:22

HP:   -7/55 (57)    AC: 19    Str: 30    XL:     7   Next: 1%
MP:   6/6           EV:  3    Int:  7    God:    Yredelemnul [**....]
Gold: 0             SH: 23    Dex: 12    Spells: 6/6 levels left

rFire    . . .     SeeInvis +   a - +14 obsidian axe {vorpal, +Fly SInv *Curse} (curse)
rCold    . . .     Faith    .   i - +3 tower shield
rNeg     . . .     Spirit   .   h - +5 crystal plate armour
rPois    .         Reflect  .   (helmet restricted)
rElec    .         Harm     .   (no cloak)
rCorr    .         Rampage  .   (no gloves)
Will     .....     NoTele   +   (no boots)
Stlth    ..........             (no amulet)
HPRegen  0.18/turn              w - +6 ring of strength
MPRegen  0.10/turn              x - +6 ring of strength

@: mesmerised, slowed, lightly drained, very slow
A: retaliatory headbutt, horns 2
a: Renounce Religion, Evoke Flight, Animate Remains, Recall Undead Slaves,
Injury Mirror


You were in the Dungeon.
You worshipped Yredelemnul.
Yredelemnul was pleased with you.
You visited 1 branch

Inventory:

Hand Weapons
 a - the cursed +14 obsidian axe (weapon) {vorpal, +Fly SInv *Curse}
   (You found it in the Dungeon)

   It inflicts extra damage upon your enemies.
   It lets you see invisible.
   It lets you fly.
   It curses itself when equipped.
   It has a curse placed upon it.
 j - a +5 broad axe
Armour
 h - a +5 crystal plate armour (worn)
 i - a +3 tower shield (worn)
Jewellery
 w - a +6 ring of strength (left hand)
 x - a +6 ring of strength (right hand)
Wands
 y - a wand of disintegration (7)
 z - a wand of iceblast (7)
 A - a wand of acid (7)
Scrolls
 g - 4 scrolls of blinking
 p - 4 scrolls of amnesia
 q - 7 scrolls of fog
 r - a scroll of holy word
 s - 5 scrolls of identify
 t - 5 scrolls of remove curse
 u - 2 scrolls of fear
Potions
 b - 10 potions of curing
 c - 10 potions of heal wounds
 d - 6 potions of haste
 e - 7 potions of magic
 f - 3 potions of berserk rage
 k - 2 potions of brilliance
 l - 2 potions of invisibility
 m - 4 potions of resistance
 o - 5 potions of might
Miscellaneous
 v - a lightning rod (4/4)


   Skills:
 - Level 3.6 Fighting
 * Level 12.5 Axes
 - Level 3.2 Dodging
 - Level 1.5 Stealth
 * Level 12.5 Shields
 - Level 3.2 Unarmed Combat


You had 6 spell levels left.
You didn't know any spells.
Your spell library was empty.

Dungeon Overview and Level Annotations

Branches:
Dungeon (1/1)

Altars:
Ashenzari
Cheibriados
Dithmenos
Elyvilon
Fedhas
Gozag
Hepliaklqana
Kikubaaqudgha
Makhleb
Nemelex Xobeh
Okawaru
Qazlal
Ru
Sif Muna
Trog
Uskayaw
Vehumet
Wu Jian
Xom
Yredelemnul
Zin
The Shining One
Beogh
Jiyva
Lugonu

Annotations:
D 1 transporter


Innate Abilities, Weirdness & Mutations

You reflexively headbutt those who attack you in melee.
You have a pair of horns on your head.


Message History

The deep elf death mage is severely wounded.
You closely miss the lost soul.
Visions of slaying the lost soul flood into your mind.
Your dark mirror aura disappears.
The deep elf archer blinks!
The deep elf death mage beckons forth a restless soul!
The deep elf archer unwields a +0 dagger.
The deep elf archer wields a +0 shortbow.
The deep elf archer shoots an arrow.
The arrow hits you!
* * * LOW HITPOINT WARNING * * *
You block the deep elf death mage's attack.
You slash the deep elf death mage! You headbutt the deep elf death mage.
The deep elf death mage is almost dead.
Visions of slaying the deep elf death mage flood into your mind.
The deep elf death mage beckons forth a restless soul!
The deep elf archer shoots an arrow.
You block the arrow.
The deep elf death mage casts a spell at you.
The bolt of negative energy hits you!
You feel drained.
You die...
Your body rises from the dead as a mindless zombie.

▓▓▓▓▓▓▓▓▓▓▓▓▓
▓.8©8.▓.8©8.▓
▓*|e:*▓.....▓
▓...*.▓....=▓
▓..e..▓.....▓
▓.@...▓.....▓
▓..(..▓..©..▓
▓..©§.▓▓▓▓▓▓▓
▓▓▓▓▓▓▓


You could see a deep elf death mage (mesmerising), a deep elf archer (repels
missiles) and 3 lost souls.

Vanquished Creatures
  A deep elf mage (D)
  A golden eye (D)
  An ooze (D)
3 creatures vanquished.

Notes
Turn   | Place    | Note
-------+----------+-------------------------------------------
     0 | D        | Zeld the Minotaur Monk began the quest for the Orb.
     0 | D        | Reached XP level 1. HP: 19/19 MP: 0/0
     3 | D        | Found a blossoming altar of Fedhas.
     4 | D        | Found the +6 Majin-Bo {vamp, MP+6 Int+6}
     4 | D        | Found the +9 heavy crossbow "Sniper" {vorpal, Acc+∞ SInv}
     4 | D        | Found the +10 dark maul {vorpal}
     4 | D        | Found the +15 Maxwell's patent armour {-Cast -Tele rElec
                  | Will+ rCorr}
     4 | D        | Found the +18 shield of the Gong {rElec rN+ Will+ EV-5}
     4 | D        | Found the cursed +14 obsidian axe {vorpal, +Fly SInv
                  | *Curse}
     4 | D        | Found the +7 great mace "Firestarter" {inner flame, rF++}
     4 | D        | Found the +6 shillelagh "Devastator" {shatter}
     4 | D        | Found the +11 plutonium sword {*Contam Stlth-}
     4 | D        | Found the +8 lance "Wyrmbane" {slay drac, rPois rF+ rC+
                  | AC+3}
     4 | D        | Found the +9 sword of Zonguldrok {reap}
     4 | D        | Found the cursed +13 scythe of Curses {drain, *Curse}
     4 | D        | Found the +5 sword of Power {vorpal}
     4 | D        | Found the +7 mace of Variability {chain chaos}
     4 | D        | Found the +7 Singing Sword {vorpal, sonic wave}
     4 | D        | Found the +8 storm bow {elec, penet}
     5 | D        | Found a viscous altar of Jiyva.
     5 | D        | Found a hazy altar of Hepliaklqana.
     5 | D        | Found a transporter.
     5 | D        | Found an opulent altar of Gozag.
     5 | D        | Found an ancient bone altar of Kikubaaqudgha.
     5 | D        | Found a corrupted altar of Lugonu.
     9 | D        | Found a burning altar of Makhleb.
    10 | D        | Found a sacrificial altar of Ru.
    10 | D        | Found a stormy altar of Qazlal.
    10 | D        | Found a shimmering blue altar of Sif Muna.
    10 | D        | Found an iron altar of Okawaru.
    10 | D        | Found a bloodstained altar of Trog.
    10 | D        | Found a sparkling altar of Nemelex Xobeh.
    69 | D        | Reached XP level 2. HP: 26/26 MP: 1/1
   129 | D        | Became a worshipper of Yredelemnul the Dark
   129 | D        | Reached * piety under Yredelemnul
   129 | D        | Reached ** piety under Yredelemnul
   144 | D        | Entered arena 2.
   144 | D        | Noticed a golden eye
   144 | D        | Found a transporter.
   148 | D        | Killed a golden eye
   149 | D        | Reached XP level 3. HP: 28/31 MP: 2/2
   149 | D        | Reached XP level 4. HP: 35/39 MP: 3/3
   149 | D        | Reached XP level 5. HP: 40/45 MP: 4/4
   152 | D        | Got the ring "Manwagofo" {rPois rF+ rC+ rN+ Int+4}
   155 | D        | Got the ring of Exhibitionism {Fire Int+4}
   181 | D        | Entered arena 3.
   181 | D        | Noticed a deep elf mage
   181 | D        | Noticed a deep elf death mage
   181 | D        | Noticed a deep elf archer
   181 | D        | Found a transporter.
   186 | D        | Killed a deep elf mage
   187 | D        | Reached XP level 6. HP: 26/51 MP: 5/5
   187 | D        | Reached XP level 7. HP: 29/57 MP: 6/6
   192 | D        | Killed from afar by a deep elf death mage

Illustrated notes

Levels and vault maps discovered:
D:        sprint_v [room_start, room_1, room_2, room_3, room_4, room_5, room_6,
          room_7, room_8, room_9, room_10, room_11, room_12, room_13, room_14,
          room_15, room_16, room_17, room_18, room_19, room_20, room_21,
          room_22, room_23, room_24, room_25, room_26, room_27]

Skill      XL: |  1  2  3  4  5 |
---------------+----------------+-----
Axes           | 6 9 12 | 12.5
Shields        | 6 9 12 | 12.5
Fighting       | |  3.6
Dodging        | |  3.2
Stealth        | |  1.5
Unarmed Combat | |  3.2

Action                   |  1- 3 |  4- 6 |  7- 9 || total
-------------------------+-------+-------+-------++-------
Melee: Broad axe         |     2 |     4 |     4 ||    10
       Headbutt          |       |     2 |     3 ||     5
Invok: Injury Mirror     |       |     1 |       ||     1
  Use: Potion            |     1 |       |       ||     1
Armor: Crystal plate arm |     2 |     4 |     2 ||     8
Block: Tower shield      |     1 |    11 |     7 ||    19
